 Dungeon Crawl Stone Soup version 0.31-a0-728-g01b46875f1 (webtiles) character file.

Game seed: 6938996612745302702

3279 Newt the Thrower (level 10, -17/59 HPs)
             Began as a Gargoyle Fighter on Sept 11, 2023.
             Was an Elder of Okawaru.
             Demolished by a large slime creature (34 damage)
             ... on level 8 of the Dungeon.
             The game lasted 00:08:46 (8298 turns).

Newt the Thrower (Gargoyle Fighter)                 Turns: 8298, Time: 00:08:46

Health: -17/59     AC: 15    Str: 24    XL:     10   Next: 0%
Magic:  28/28      EV: 15    Int:  9    God:    Okawaru [****..]
Gold:   412        SH:  5    Dex:  9    Spells: 9/9 levels left

rFire   . . .        h - +2 whip (holy)
rCold   . . .        c - +1 buckler
rNeg    + . .        M - +0 leather armour of the Trees {+Inv Regen+ MP+9}
rPois   ∞            (no helmet)
rElec   +            x - +0 cloak
rCorr   .            (no gloves)
SInv    .            o - +2 pair of boots {Stlth+}
Will    .....        C - amulet of faith
Stlth   ++           l - +5 ring of evasion
HPRegen 1.09/turn    q - ring of magical power
MPRegen 0.21/turn

%: faith
@: no status effects
A: sickness immunity, AC +7, negative energy resistance 1, electricity
resistance, torment resistance 1, petrification resistance
a: Renounce Religion, Evoke Invisibility, Heroism, Finesse


You were on level 8 of the Dungeon.
You worshipped Okawaru.
Okawaru was greatly pleased with you.
You visited 2 branches of the dungeon, and saw 10 of its levels.

You collected 552 gold pieces.
You spent 140 gold pieces at shops.

Inventory:

Hand Weapons
 a - a +0 flail
 h - a +2 whip of holy wrath (weapon)
 A - a +2 whip of freezing
Missiles
 n - 8 boomerangs (quivered)
 p - 13 poisoned darts
 u - a throwing net
 z - 9 javelins
Armour
 b - a +0 scale mail
 c - a +1 buckler (worn)
 o - a +2 pair of boots of stealth (worn)
 x - a +0 cloak (worn)
 D - a +1 scale mail of cold resistance
 J - +0 swamp dragon scales
 M - the +0 leather armour of the Trees (worn) {+Inv Regen+ MP+9}
   (You found it on level 8 of the Dungeon)

   MP+9:      It affects your magic capacity (+9).
   +Inv:      It lets you turn invisible.
   Regen+:    It increases your rate of health regeneration.
Jewellery
 l - a +5 ring of evasion (left hand)
 q - a ring of magical power (right hand)
 C - an amulet of faith (around neck)
 G - a +6 ring of intelligence
 H - an amulet of reflection
Wands
 y - a wand of iceblast (9)
Scrolls
 e - 3 scrolls of teleportation
 k - 3 scrolls of blinking
 m - 3 scrolls of revelation
 B - 4 scrolls of enchant armour
 F - a scroll of fog
Potions
 d - a potion of might
 f - 2 potions of attraction
 g - a potion of mutation
 i - 3 potions of brilliance
 j - 3 potions of lignification
 r - 3 potions of degeneration
 s - a potion of curing
 t - a potion of magic {unknown}
 v - 3 potions of haste {unknown}
 w - 2 potions of berserk rage {unknown}
 E - 2 potions of heal wounds {unknown}
 I - a potion of enlightenment {unknown}
 K - a potion of cancellation {unknown}


   Skills:
 - Level 5.0 Fighting
 - Level 8.0 Maces & Flails
 + Level 8.5 Throwing
 - Level 7.0 Armour
 - Level 3.2 Shields


You had 9 spell levels left.
You didn't know any spells.
Your spell library contained the following spells:

 Spells                   Type           Power      Damage    Failure   Level
 Freeze                   Ice            0%         1d3       50%         1
 Magic Dart               Conj           0%         1d3       50%         1
 Blink                    Tloc           0%         N/A       63%         2
 Lesser Beckoning         Tloc           0%         N/A       63%         2
 Momentum Strike          Conj/Tloc      0%         3d8       63%         2
 Frozen Ramparts          Ice            0%         1d1       86%         3
 Hailstorm                Conj/Ice       0%         3d3       86%         3
 Inner Flame              Hex/Fire       0%         N/A       86%         3
 Mephitic Cloud           Conj/Pois/Air  0%         N/A       86%         3
 Passage of Golubria      Tloc           0%         N/A       99%         4
 Petrify                  Tmut/Erth      0%         N/A       99%         4
 Irradiate                Conj/Tmut      0%         3d11      100%        5
 Silence                  Hex/Air        0%         N/A       100%        5
 Yara's Violent Unravell  Hex/Tmut       0%         3d3       100%        5
 Enfeeble                 Hex            0%         N/A       100%        7
 Lehudib's Crystal Spear  Conj/Erth      0%         10d2      100%        8
 Call Imp                 Summ           Unusable   N/A       N/A         2
 Sublimation of Blood     Necr           Unusable   N/A       N/A         2

Dungeon Overview and Level Annotations

Branches:
Dungeon (9/15)             Temple (1/1) D:5
   Lair: D:8-11         Orc: D:9-12

Altars:
Cheibriados
Dithmenos
Elyvilon
Fedhas
Hepliaklqana
Kikubaaqudgha
Makhleb
Nemelex Xobeh
Okawaru
Qazlal
Ru
Sif Muna
Trog
Vehumet
Wu Jian
Xom
Zin
The Shining One

Shops:
D:4 (


Innate Abilities, Weirdness & Mutations

You are immune to sickness and miasma.
Your stone body is resilient. (AC +7)
You are immune to poison.
You resist negative energy. (rN+)
You are resistant to electric shocks. (rElec)
You are resistant to unholy torment.
You are immune to petrification.


Message History

The slime creature hits you but does no damage.
The slime creature hits you!
The slime creature attacks as it pursues you!
The slime creature closely misses you.
Two slime creatures merge to form a large slime creature.
Unknown command.
You throw a boomerang.
The boomerang hits the large slime creature!
The large slime creature is lightly wounded.
Unknown command.
You throw a boomerang.
The boomerang hits the large slime creature!
The large slime creature is moderately wounded.
Unknown command.
You throw a boomerang.
The boomerang hits the large slime creature.
The large slime creature is moderately wounded.
You whack the large slime creature!
The large slime creature is moderately wounded.
The large slime creature hits you but does no damage.
You hit the large slime creature.
The large slime creature is moderately wounded.
The large slime creature hits you.
You barely miss the large slime creature.
The large slime creature is moderately wounded.
The large slime creature hits you!!
* * * LOW HITPOINT WARNING * * *
You are too injured to fight recklessly!
Unknown command.
Okay, then.
You hit the large slime creature.
The large slime creature is heavily wounded.
You whack the large slime creature!
The large slime creature is heavily wounded.
The large slime creature barely misses you.
You hit the large slime creature.
The large slime creature is heavily wounded.
The large slime creature hits you!!
Ouch! That really hurt!
You die...

#...........##........#
#...........##.######.#
#...........##.# #.# #
#...........##.# #.#
###..)).......##.######.####
.....).....................#
#######..#######.######.##.##
............................#
............####@#########.##
###......##.####J###### #.#
..................J>..####.##
###.###..#..####............#
# #......#..# #.#########.##
# #)###..#..####...#######.#
###.###....................#
#........#..######.#########
#........#..# #.#


You could see a large slime creature.

Vanquished Creatures
  Maggie (D:8)
  A basilisk (D:8)
  2 vampire mosquitoes (D:8)
  A steam dragon (D:8)
  2 water moccasins
  Duvessa (D:7)
  2 ice beasts
  A sky beast (D:7)
  A black bear (D:7)
  A centaur (D:9)
  An ogre (D:5)
  A kobold brigand (D:8)
  A bullfrog (D:6)
  A scorpion (D:5)
  5 wights
  Dowan (D:7)
  7 killer bees
  2 electric eels (D:8)
  3 jellies
  3 orc priests
  5 hounds
  Jessica (D:2)
  Terence (D:2)
  An iguana (D:7)
  3 orc wizards
  8 gnolls
  6 adders
  A white imp (D:6)
  2 ufetubi
  2 worms
  2 dart slugs
  19 orcs
  11 ball pythons
  5 bats
  3 endoplasms
  4 giant cockroaches
  7 goblins
  8 hobgoblins
  15 jackals
  11 kobolds
  2 quokkas
  3 training dummies (D:4)
  6 rats
164 creatures vanquished.

Notes
Turn   | Place    | Note
-------+----------+-------------------------------------------
     0 | D:1      | Newt the Gargoyle Fighter began the quest for the Orb.
     0 | D:1      | Reached XP level 1. HP: 14/14 MP: 1/1
   141 | D:1      | Reached XP level 2. HP: 16/20 MP: 2/2
   922 | D:2      | Reached XP level 3. HP: 24/24 MP: 3/3
   991 | D:2      | Noticed Terence
  1006 | D:2      | Killed Terence
  1007 | D:2      | Reached skill level 5 in Fighting
  1099 | D:2      | Reached XP level 4. HP: 29/31 MP: 4/4
  1140 | D:2      | Noticed Jessica
  1148 | D:2      | Killed Jessica
  1235 | D:2      | Reached XP level 5. HP: 9/35 MP: 5/5
  3167 | D:4      | Reached skill level 5 in Maces & Flails
  3167 | D:4      | Reached XP level 6. HP: 38/40 MP: 6/6
  3445 | D:4      | Found Piumev's Firing Range.
  3472 | D:4      | Bought 5 boomerangs for 140 gold pieces
  3545 | D:4      | Reached skill level 1 in Throwing
  3947 | D:5      | Entered Level 5 of the Dungeon
  3973 | D:5      | Found a staircase to the Ecumenical Temple.
  4019 | Temple   | Entered the Ecumenical Temple
  4023 | Temple   | Became a worshipper of Warmaster Okawaru
  4048 | D:5      | Reached XP level 7. HP: 42/44 MP: 7/7
  4728 | D:6      | Reached * piety under Okawaru
  4729 | D:6      | Reached skill level 5 in Throwing
  5091 | D:6      | Reached XP level 8. HP: 45/49 MP: 8/8
  5898 | D:7      | Reached skill level 5 in Armour
  5962 | D:7      | Reached ** piety under Okawaru
  6426 | D:7      | Reached XP level 9. HP: 25/54 MP: 9/9
  6511 | D:7      | Noticed Duvessa
  6515 | D:7      | Noticed Dowan
  6533 | D:7      | Killed Duvessa
  6538 | D:7      | Killed Dowan
  6543 | D:7      | Reached *** piety under Okawaru
  6653 | D:7      | Found a blossoming altar of Fedhas.
  6692 | D:7      | Found a shadowy altar of Dithmenos.
  7060 | D:8      | Noticed Maggie
  7104 | D:8      | Killed Maggie
  7300 | D:8      | Identified the +0 leather armour of the Trees {+Inv Regen+
                  | MP+9}
  7349 | D:8      | Received a gift from Okawaru
  7570 | D:8      | Reached **** piety under Okawaru
  8117 | D:9      | Reached XP level 10. HP: 59/59 MP: 10/10
  8139 | D:9      | Identified the +3 whip of Urgency {holy, rElec rC+++ Will-
                  | SInv}
  8255 | D:9      | Noticed a white ugly thing
  8298 | D:8      | Demolished by a large slime creature

Illustrated notes

Levels and vault maps discovered:
D:1:      kennysheep_arrival_forest, layout_basic
D:2:      layout_basic, uniq_terence, uniq_jessica
D:3:      layout_loops_ring
D:4:      layout_basic, nicolae_shop_firing_range
D:5:      layout_basic, minmay_temple_entry_stoned_glass
D:6:      layout_basic
D:7:      layout_rooms, mainiacjoe_overflow_large_starburst, uniq_duvessa
D:8:      layout_basic, water_boxes_lemuel, uniq_maggie
D:9:      layout_gridville, gammafunk_temple_overflow_statue
Temple:   kb_temple_of_zot

Skill      XL: |  1  2  3  4  5  6  7  8  9 |
---------------+----------------------------+-----
Fighting       | 4 5 |  5.0
Maces & Flails | 3 5 6 8 |  8.0
Throwing       | 3 5 6 8 |  8.5
Armour         | 7 |  7.0
Shields        | |  3.2

Action                     |  1- 3 |  4- 6 |  7- 9 | 10-12 || total
---------------------------+-------+-------+-------+-------++-------
  Melee: Flail             |    21 |       |       |       ||    21
         Whip              |    82 |   293 |   568 |    22 ||   965
  Throw: Boomerang         |       |     5 |    73 |     3 ||    81
    Use: Scroll            |     6 |     7 |     6 |       ||    19
         Potion            |       |       |     1 |       ||     1
 Armour: Scale mail        |    67 |   109 |   307 |       ||   483
         Leather armour    |       |       |    40 |    13 ||    53
  Dodge: Dodged            |   104 |   171 |   466 |     6 ||   747
  Block: Buckler           |    29 |    56 |   151 |     2 ||   238

Table legend: (Time is in decaauts)
 A = Elapsed time spent in this place.
 B = Non-inter-level travel time spent in this place.
 C = Inter-level travel time spent in this place.
 D = Time resting spent in this place.
 E = Time spent auto-exploring this place.
 F = Levels seen in this place.
 G = Mean time per level.
                   A        B        C        D        E       F      G
               +--------+--------+--------+--------+--------+-----+--------+
         Total |   8177 |   7850 |    327 |   1207 |   5083 |  10 |  817.7 |
       Dungeon |   8169 |   7850 |    319 |   1207 |   5083 |   9 |  907.7 |
        Temple |      8 |      1 |      7 |      0 |      0 |   1 |    8.0 |
               +--------+--------+--------+--------+--------+-----+--------+

Top non-repeatable levels by time:
     D:6: 1541 daAuts
     D:2: 1482 daAuts
     D:8: 1182 daAuts
     D:1: 909 daAuts
     D:4: 838 daAuts
     D:5: 706 daAuts
     D:3: 703 daAuts
     D:7: 622 daAuts
     D:9: 182 daAuts
  Temple: 8 daAuts
